 Dungeon Crawl Stone Soup version 0.31-a0-1207-g4ab8c38 (webtiles) character file.

Game seed: 18098393880158491142

13 edsrzf the Gusty (level 2, -1/17 HPs)
             Began as an Octopode Air Elementalist on Dec 13, 2023.
             Slain by a kobold
             ... wielding a +0 short sword
              (2 damage)
             ... on level 1 of the Dungeon.
             The game lasted 00:02:28 (299 turns).

edsrzf the Gusty (Octopode Air Elementalist)         Turns: 299, Time: 00:02:29

Health: -1/17      AC:  1    Str:  7    XL:     2   Next: 37%
Magic:  5/5        EV: 13    Int: 17    God:
Gold:   18         SH:  0    Dex: 12    Spells: 4/5 levels left

rFire   . . .        a - +0 dagger
rCold   . . .        (no shield)
rNeg    . . .        (helmet restricted)
rPois   .            (no amulet)
rElec   .            (no ring)
rCorr   .            (no ring)
SInv    .            (no ring)
Will    .....        (no ring)
Stlth   +++          (no ring)
HPRegen 0.22/turn    (no ring)
MPRegen 0.09/turn    (no ring)
                     (no ring)

%: no passive effects
@: no status effects
A: almost no armour, amphibious, 8 rings, camouflage 1, gelatinous body 1,
(nimble swimmer 1), tentacles
a: no special abilities


You were on level 1 of the Dungeon.
You visited 1 branch of the dungeon, and saw 1 of its levels.

You collected 18 gold pieces.

Inventory:

Hand Weapons
 a - a +0 dagger (weapon)
Missiles
 b - 9 poisoned darts
Scrolls
 e - a scroll of teleportation {unknown}
 f - a scroll of fear {unknown}
Potions
 c - a potion of magic


   Skills:
 - Level 2.0 Dodging
 - Level 2.6 Stealth
 + Level 2.4 Spellcasting
 + Level 1.7 Conjurations
 - Level 3.0 Air Magic


You had 4 spell levels left.
You knew the following spells:

 Your Spells              Type           Power      Damage    Failure   Level
X - Shock                 Conj/Air       40%        1d5       7%          1

Your spell library contained the following spells:

 Spells                   Type           Power      Damage    Failure   Level
 Static Discharge         Conj/Air       20%        3-4/arc   11%         2
 Swiftness                Air            12%        N/A       16%         3
 Sublimation of Blood     Necr           2%         N/A       28%         2
 Airstrike                Air            6%         2d(1-17)  47%         4
 Petrify                  Tmut/Erth      2%         N/A       88%         4
 Irradiate                Conj/Tmut      2%         3d12      98%         5


Dungeon Overview and Level Annotations

Branches:
Dungeon (1/15)

Altars:


Innate Abilities, Weirdness & Mutations

You cannot wear most types of armour.
You are amphibious.
You can wear up to eight rings at the same time.
Your skin changes colour to match your surroundings (Stealth+).
Your rubbery body absorbs attacks. (AC +1, EV +1)
((You are camouflaged when in or above water. (Stealth+)))
You have tentacles for arms and can constrict up to eight enemies at once.


Message History

The kobold shouts!
The kobold hits you with a +0 club.
You hit the kobold but do no damage. You grab the kobold.
You constrict the kobold. The kobold hits you with a +0 club.
You hit the kobold but do no damage.
The kobold is moderately wounded.
You constrict the kobold. The kobold misses you.
You hit the kobold but do no damage.
The kobold is severely wounded.
You constrict the kobold.
You kill the kobold!
Things that are here:
a +0 club; a stone; a kobold corpse HP restored.
A goblin comes into view. It is wielding a +0 dagger.
The helpless goblin fails to defend itself.
You hit the goblin.
You kill the goblin!
Found a scroll labelled JUSYIXEEDU.
You see here a +0 dagger.
A quokka is nearby!
You see here a scroll labelled JUSYIXEEDU.
f - a scroll labelled JUSYIXEEDU A kobold comes into view.
It is wielding a +0 whip.
The helpless quokka fails to defend itself.
You hit the quokka. You grab the quokka. You squeeze the quokka.
You kill the quokka!
You have reached level 2!
Unknown command.
The kobold shouts!
The jackal barks!
A kobold comes into view.
It is wielding a +0 short sword and quivering atropa-tipped darts.
The kobold shouts!
The jackal barks!
You hit the jackal. You grab the jackal.
The jackal is almost dead.
You constrict the jackal, but do no damage.
The jackal barely misses you. The kobold misses you.
The jackal closely misses you.
You hit the jackal but do no damage. You squeeze the jackal.
You kill the jackal!
The kobold barely misses you.
You hit the jackal but do no damage. Your grab misses the jackal.
The jackal bites you.
The kobold throws an atropa-tipped dart.
The atropa-tipped dart hits you!
You are confused.
The kobold barely misses you.
You hit the kobold.
The kobold is moderately wounded.
The kobold hits you with a +0 whip.
The jackal bites you but does no damage.
You closely miss the jackal. Your squeeze misses the jackal.
You feel less confused. The jackal misses you. The jackal closely misses you.
The kobold hits you with a +0 whip.
You hit the jackal. You grab the jackal.
You tentacle-slap the jackal, but do no damage.
The jackal is moderately wounded.
You constrict the jackal, but do no damage.
The jackal bites you. x2
* * * LOW HITPOINT WARNING * * *
The kobold closely misses you. The jackal misses you.
The jackal closely misses you.
It was a potion of curing.
You feel better.
You constrict the jackal.
The jackal barely misses you. x2; The kobold closely misses you.
Press: ? - help, v - describe, . - travel
Here: a kobold, wielding a +0 short sword, wearing a +0 ring mail and quivering atropa-tipped darts The floor.
You hit the jackal. You grab the jackal.
The jackal is lightly wounded.
You constrict the jackal. x2; The jackal barely misses you. x2
The kobold hits you with a +0 short sword.
The kobold hits you with a +0 whip.
You hit the kobold. You grab the kobold.
The kobold is severely wounded.
You constrict the jackal, but do no damage.
You constrict the jackal. You constrict the kobold.
You kill the kobold!
The jackal barely misses you. x2; The kobold closely misses you.
The jackal closely misses you. The jackal barely misses you.
You hit the jackal.
You kill the jackal!
You constrict the jackal. The jackal bites you. The kobold closely misses you.
You hit the jackal but do no damage. You grab the jackal.
You constrict the jackal.
You kill the jackal!
You constrict the jackal, but do no damage.
The jackal barely misses you. The kobold misses you.
The jackal bites you but does no damage.
You hit the jackal but do no damage. You squeeze the jackal.
The jackal is moderately wounded.
You constrict the jackal.
The kobold hits you with a +0 short sword.
* * * LOW HITPOINT WARNING * * *
The jackal bites you.
* * * LOW HITPOINT WARNING * * *
Okay, then.
You hit the jackal. You squeeze the jackal.
You kill the jackal!
The kobold hits you with a +0 short sword.
You die...

#.# #$# #.. #### #.#
...# #.#
...#############.#
...............#†#
................@# ##.#
.....##......##K)#....#
..)..###....###.........
......###..###..##.####.
...)...######....#.#
####.)..# #.†...#.#
###.....# #.......#
.......## ##....#.#
##....###. ##...#.#


You could see a kobold.

Vanquished Creatures
  4 goblins (D:1)
  4 jackals (D:1)
  A quokka (D:1)
  3 kobolds (D:1)
12 creatures vanquished.

Notes
Turn   | Place    | Note
-------+----------+-------------------------------------------
     0 | D:1      | edsrzf the Octopode Air Elementalist began the quest for
                  | the Orb.
     0 | D:1      | Reached XP level 1. HP: 11/11 MP: 3/3
   280 | D:1      | Reached XP level 2. HP: 17/17 MP: 5/5
   293 | D:1      | Identified a potion of curing
   299 | D:1      | Slain by a kobold

Illustrated notes

Levels and vault maps discovered:
D:1:      dpeg_arrival_simpleton_c, layout_basic, minivault_19

Action                     || total
---------------------------++-------
  Melee: Dagger            ||    17
         Constrict         ||     7
         Tentacles         ||     5
         Unarmed           ||     1
         Punch             ||     1
   Cast: Shock             ||     5
    Use: Potion            ||     1
   Stab: Sleeping          ||     3
 Armour: Skin              ||    15
  Dodge: Dodged            ||    24

Table legend: (Time is in decaauts)
 A = Elapsed time spent in this place.
 B = Non-inter-level travel time spent in this place.
 C = Inter-level travel time spent in this place.
 D = Time resting spent in this place.
 E = Time spent auto-exploring this place.
 F = Levels seen in this place.
 G = Mean time per level.
                   A        B        C        D        E       F      G
               +--------+--------+--------+--------+--------+-----+--------+
         Total |    298 |    298 |      0 |     58 |    141 |   1 |  298.0 |
       Dungeon |    298 |    298 |      0 |     58 |    141 |   1 |  298.0 |
               +--------+--------+--------+--------+--------+-----+--------+

Top non-repeatable levels by time:
     D:1: 298 daAuts
